 Dungeon Crawl Stone Soup version 0.30-a0-965-g42e074c17a (webtiles) character file.

Game seed: 12855453840986667129

66202 Pooter the Severer (level 14, -7/114 (135) HPs)
             Began as a Minotaur Berserker on Mar 29, 2023.
             Was an Elder of Trog.
             Mangled by Rupert
             ... wielding a +1 great mace of draining
              (31 damage)
             ... on level 12 of the Dungeon on Mar 30, 2023.
             The game lasted 02:07:20 (25118 turns).

Pooter the Severer (Minotaur Berserker)            Turns: 25118, Time: 02:07:21

HP:   -7/114 (135)  AC: 15    Str: 36    XL:     14   Next: 78%
MP:   13/13         EV: 11    Int:  6    God:    Trog [****..]
Gold: 874           SH:  9    Dex: 11    Spells: 13/13 levels left

rFire   . . .      SeeInvis +    a - +3 broad axe (flame)
rCold   . . .      Faith    .    N - +3 warlock's mirror {omnireflect}
rNeg    . . .      Spirit   .    O - +0 chain mail "Arroplal" {Str+4 SInv}
rPois   .          Reflect  +    (helmet restricted)
rElec   +          Rampage  .    P - scarf "Pasazen" {harm, rElec Regen+ Str+2}
rCorr   .          Harm     + .  B - +0 pair of gloves
Will    +++..                    (no boots) Stlth
                                 j - amulet of the acrobat
HPRegen 2.19/turn                r - ring of the Octopus King {Wiz HP+2 AC+2 EV+2 SH+2}
MPRegen 0.13/turn                Y - +6 ring of strength

@: mighty, silenced, strong-willed, regenerating, heavily drained
A: horns 2, retaliatory headbutt
a: Renounce Religion


You were on level 12 of the Dungeon.
You worshipped Trog.
Trog was greatly pleased with you.
You visited 3 branches of the dungeon, and saw 19 of its levels.
You also visited: Ossuary.

You collected 2284 gold pieces.
You spent 1410 gold pieces at shops.

Inventory:

Hand Weapons
 a - a +3 broad axe of flaming (weapon)
   (Trog gifted it to you on level 5 of the Lair of Beasts)
 b - a +1 sling of draining
   (You took it off Joseph on level 10 of the Dungeon)
 k - a +4 morningstar
   (You took it off a wight on level 8 of the Dungeon)
 G - a +5 war axe of freezing
   (You took it off a wight on level 7 of the Dungeon)
 X - a +4 heavy arbalest
   (You bought it in a shop on level 6 of the Dungeon)
 Z - a +2 trident
   (You took it off a wight on level 8 of the Dungeon)
Missiles
 g - 67 poisoned darts (quivered)
 w - 11 atropa-tipped darts
 y - 16 boomerangs
 A - a throwing net {!f}
 E - 5 javelins
 Q - 3 boomerangs of dispersal {!f}
 R - 5 silver javelins
 S - 6 curare-tipped darts
Armour
 B - a +0 pair of gloves (worn)
   (You found it on level 4 of the Dungeon)
 N - the +3 warlock's mirror (worn) {omnireflect}
   (You found it on level 5 of the Dungeon)

   Omnireflect: It can block and reflect piercing ranged attacks and magical
   attacks against the wielder's willpower.
 O - the +0 chain mail "Arroplal" (worn) {Str+4 SInv}
   (You found it on level 6 of the Dungeon)

   Str:       It affects your strength (+4).
   SInv:      It lets you see invisible.
 P - the scarf "Pasazen" (worn) {harm, rElec Regen+ Str+2}
   (You acquired it on level 8 of the Dungeon)

   Str:       It affects your strength (+2).
   rElec:     It insulates you from electricity.
   Regen:     It increases your rate of health regeneration.
Jewellery
 d - a +4 ring of protection
   (You found it on level 3 of the Dungeon)
 j - an amulet of the acrobat (around neck)
   (You found it on level 9 of the Dungeon)
 r - a ring of the Octopus King (left hand) {Wiz HP+2 AC+2 EV+2 SH+2}
   (You bought it in a shop on level 5 of the Dungeon)

   [ring of wizardry]

   It improves your spell success rate.
   AC:        It affects your AC (+2).
   EV:        It affects your evasion (+2).
   HP:        It affects your health (+2).
   SH:        It affects your SH (+2).
 I - a ring of protection from cold
   (You found it on level 8 of the Dungeon)
 M - a ring of flight
   (You found it in an ossuary)
 Y - a +6 ring of strength (right hand)
   (You found it on level 11 of the Dungeon)
Wands
 f - a wand of flame (14)
   (You found it on level 2 of the Dungeon)
 i - a wand of roots (13)
   (You found it on level 1 of the Lair of Beasts)
 u - a wand of paralysis (5)
   (You found it on level 2 of the Lair of Beasts)
 D - a wand of digging (6)
   (You took it off a kobold on level 4 of the Dungeon)
Scrolls
 c - 5 scrolls of enchant armour
 h - 5 scrolls of immolation {!r}
 m - 2 scrolls of blinking
 n - 2 scrolls of poison {!r}
 t - 8 scrolls of teleportation {@r4}
 C - 2 scrolls of vulnerability {!r}
 H - 5 scrolls of fog
 J - 5 scrolls of fear
 K - 3 scrolls of magic mapping
 V - 3 scrolls of noise {!r}
Potions
 e - 10 potions of curing {@q1}
 l - 3 potions of might
 o - 3 potions of invisibility
 p - 3 potions of ambrosia
 q - 2 potions of heal wounds {@q2}
 s - 8 potions of attraction {!q}
 x - 3 potions of haste {@q3}
 z - 2 potions of flight
 T - a potion of resistance
 W - 2 potions of mutation {!q}
Miscellaneous
 v - a box of beasts (inert)
   (You found it on level 9 of the Dungeon)
 F - a piece from Xom's chessboard (15/15)
   (You found it on level 2 of the Lair of Beasts)
 U - a condenser vane
   (You found it on level 9 of the Dungeon)


   Skills:
 + Level 14.7 Fighting
 * Level 17.3 Axes
 - Level 14.0 Ranged Weapons
 + Level 10.6 Armour
 - Level 2.1 Dodging
 - Level 3.4 Stealth
 - Level 4.1 Shields
 + Level 8.9 Evocations


You had 13 spell levels left.
You didn't know any spells.
Your spell library was empty.

Dungeon Overview and Level Annotations

Branches:
Dungeon (12/15)            Temple (0/1) D:7            Lair (5/5) D:11
  Swamp (0/4) Lair:3        Snake (0/4) Lair:3        Slime (0/5) Lair:4
    Orc (2/2) D:9             Elf (0/3) Orc:2       Ossuary (visited)

Altars:
Gozag
Makhleb
Qazlal
Ru
Wu Jian
The Shining One

Shops:
D:5 =   D:6 !([   D:11 [   Orc:2 [*(=

Annotations:
D:12 Fannar, Rupert


Innate Abilities, Weirdness & Mutations

You have a pair of horns on your head.
You reflexively headbutt those who attack you in melee.


Message History

You destroy the vampire mosquito!
Trog accepts your kill.
A vampire mosquito comes into view.
You block the vampire mosquito's attack. x2
You slice the vampire mosquito!! You burn the vampire mosquito.
You destroy the vampire mosquito!
Trog accepts your kill.
There is an open door, spattered with blood here.
You see here a howler monkey corpse.
Found a potion of degeneration.
Your +3 broad axe of flaming stops flaming.
You sense an unholy aura.
b - a +1 sling of draining (weapon)
Rupert shouts!
Rupert yells loudly at you. You resist with almost no effort.
Your +3 broad axe of flaming bursts into flame!
a - a +3 broad axe of flaming (weapon)
You start waiting.
You feel the effects of Trog's Hand fading.
Your skin crawls.
You feel strong-willed.
As you read the scroll of silence, it crumbles to dust.
A profound silence engulfs you. You block Rupert's attack.
You feel very mighty all of a sudden. Rupert completely misses you.
You slash Rupert! You burn Rupert!
Rupert flies into a rage!
Rupert goes berserk!
You barely miss Rupert. You block Rupert's attack.
You slash Rupert! You burn Rupert. You headbutt Rupert!!
Rupert hits you with a +1 great mace of draining!!
You feel drained.
You slash Rupert! You burn Rupert. You block Rupert's attack.
You closely miss Rupert. Rupert barely misses you.
You closely miss Rupert. Your headbutt misses Rupert.
Rupert hits you with a +1 great mace of draining!!
You feel drained.
Rupert hits you with a +1 great mace of draining!!
* * * LOW HITPOINT WARNING * * *
You feel drained.
* * * LOW HITPOINT WARNING * * *
You slice Rupert!! You burn Rupert!
Rupert hits you with a +1 great mace of draining!
* * * LOW HITPOINT WARNING * * *
You feel drained.
* * * LOW HITPOINT WARNING * * *
You hit Rupert. You burn Rupert.
Rupert hits you with a +1 great mace of draining!!
You die...

.....
######...........#
.....
#.########..#
##### #.†......#
#.#......#
.#######.#......#
.........#......#
.........#......#
.........########.
........@@........
##########...!....
#........
#........
#.....### #.....#
+.....# #@....#
#.....#


You could see Rupert (berserk).

Vanquished Creatures
  An orc warlord (Orc:1)
  A dire elephant (Lair:4)
  A fire dragon (Lair:5)
  4 hydras
  5 two-headed ogres
  7 death yaks
  6 orc high priests (Orc:2)
  A skyshark (Lair:5)
  A lindwurm (Lair:5)
  4 orc knights
  3 oklob plants (Lair:4)
  A salamander (Lair:3)
  3 cyclopes
  14 elephants
  Maggie (D:10)
  10 black mambas
  2 torpor snails
  Joseph (D:10)
  14 cane toads
  3 molten gargoyles (Lair:5)
  2 rime drakes
  11 komodo dragons
  7 trolls
  4 polar bears
  A hornet (D:6)
  The ghost of Jackthecabe the Firebug, an amateur DsFE (D:3)
  7 blink frogs
  4 dream sheep
  A shadow (D:11)
  5 wyverns
  2 wraiths
  Eustachio (D:6)
  44 yaks
  2 vampire mosquitoes (D:12)
  3 basilisks
  2 steam dragons
  4 wargs
  An acid dragon (D:10)
  4 hell hounds (Lair:5)
  16 water moccasins
  34 orc warriors
  A sky beast (D:7)
  A black bear (Lair:4)
  49 wolves
  7 ogres
  3 centaurs
  3 phantoms
  8 kobold brigands
  5 bullfrogs
  3 gnoll sergeants (D:9)
  5 scorpions
  11 wights
  3 killer bees (D:10)
  7 howler monkeys
  2 electric eels
  9 lava snakes
  A human zombie (Ossuary)
  3 jellies
  5 hounds
  A gnoll bouda (D:5)
  9 orc priests
  2 sleepcaps
  5 iguanas
  17 orc wizards
  3 mummies (Ossuary)
  16 adders
  6 gnolls
  A shadow imp (D:5)
  2 ufetubi (D:5)
  2 dart slugs
  72 orcs
  12 ball pythons
  6 endoplasms
  3 giant cockroaches
  9 hobgoblins
  4 jackals (D:2)
  2 quokkas (D:2)
  5 bats
  8 frilled lizards
  3 goblins
  5 goblin zombies (Ossuary)
  3 hobgoblin zombies (Ossuary)
  16 kobolds
  A kobold zombie (Ossuary)
  5 rats
583 creatures vanquished.

Vanquished Creatures (collateral kills)
  An orc wizard (Orc:1)
  An orc (Orc:1)
2 creatures vanquished.

Vanquished Creatures (others)
  An orc warrior (Orc:2)
  32 fungi
  34 plants
67 creatures vanquished.

Grand Total: 652 creatures vanquished

Notes
Turn   | Place    | Note
-------+----------+-------------------------------------------
     0 | D:1      | Pooter the Minotaur Berserker began the quest for the Orb.
     0 | D:1      | Reached XP level 1. HP: 19/19 MP: 0/0
   124 | D:1      | Reached XP level 2. HP: 27/27 MP: 1/1
   431 | D:1      | Reached skill level 1 in Stealth
   827 | D:1      | Reached ** piety under Trog
   856 | D:2      | Reached skill level 4 in Axes
   856 | D:2      | Reached skill level 1 in Ranged Weapons
   856 | D:2      | Reached XP level 3. HP: 33/33 MP: 2/2
  1190 | D:2      | Reached XP level 4. HP: 26/41 MP: 3/3
  2127 | D:3      | Reached *** piety under Trog
  2138 | D:3      | Found a large runed translucent door.
  2138 | D:3      | Found a large runed translucent door.
  2274 | D:3      | Noticed Jackthecabe's ghost (amateur DsFE)
  2589 | D:3      | Killed Jackthecabe's ghost
  2590 | D:3      | Reached skill level 5 in Fighting
  2590 | D:3      | Reached skill level 5 in Axes
  2590 | D:3      | Reached XP level 5. HP: 48/48 MP: 4/4
  2590 | D:3      | Reached XP level 6. HP: 56/56 MP: 5/5
  3038 | D:4      | Reached XP level 7. HP: 61/61 MP: 6/6
  3053 | D:4      | Found a stormy altar of Qazlal.
  3064 | D:4      | Reached skill level 6 in Axes
  3300 | D:5      | Entered Level 5 of the Dungeon
  3405 | D:5      | You fall into a shaft and drop 1 floor!
  3415 | D:6      | Found a sand-covered staircase.
  3425 | Ossuary  | Entered an ossuary
  3425 | Ossuary  | Noticed a wraith
  3425 | Ossuary  | Noticed a wraith
  3425 | Ossuary  | Noticed a wraith
  3487 | Ossuary  | Noticed a wraith
  3492 | Ossuary  | Killed a wraith
  3493 | Ossuary  | Reached skill level 5 in Ranged Weapons
  3596 | Ossuary  | Reached skill level 7 in Axes
  3666 | Ossuary  | Reached XP level 8. HP: 64/70 MP: 7/7
  3901 | D:6      | Found Qeumiz's Armour Boutique.
  4195 | D:5      | Found the +3 warlock's mirror {omnireflect}
  4384 | D:5      | Reached skill level 1 in Shields
  4638 | D:5      | Reached skill level 8 in Axes
  4816 | D:5      | Found Yttar's Jewellery Emporium.
  5416 | D:6      | Found Zaotau's Antique Weapon Shop.
  5418 | D:6      | Found Voecooc's Distillery.
  5424 | D:6      | Bought a runed arbalest for 157 gold pieces
  5431 | D:6      | Bought a potion of curing for 39 gold pieces
  5461 | D:6      | Bought a potion of heal wounds for 65 gold pieces
  5466 | D:6      | Noticed Eustachio
  5485 | D:6      | Killed Eustachio
  5486 | D:6      | Reached XP level 9. HP: 56/79 MP: 8/8
  5582 | D:6      | Identified the +0 chain mail "Arroplal" {Str+4 SInv}
  5785 | D:6      | Paralysed by a hornet for 3 turns
  5791 | D:6      | Paralysed by a hornet for 1 turns
  5794 | D:6      | Reached skill level 9 in Axes
  6045 | D:7      | Reached **** piety under Trog
  6575 | D:7      | Found a staircase to the Ecumenical Temple.
  6698 | D:7      | Reached skill level 10 in Axes
  6793 | D:6      | Bought a potion of invisibility for 104 gold pieces
  6914 | D:7      | Found an opulent altar of Gozag.
  6919 | D:7      | Found a sacrificial altar of Ru.
  7505 | D:8      | Reached XP level 10. HP: 69/89 MP: 9/9
  7579 | D:8      | Identified a scroll of acquirement
  7580 | D:8      | Acquired the scarf "Pasazen" {harm, rElec Regen+ Str+2}
  8112 | D:7      | Reached skill level 11 in Axes
  8839 | D:9      | Noticed a two-headed ogre
  8839 | D:9      | Noticed a two-headed ogre
  8854 | D:8      | Killed a two-headed ogre
  8855 | D:8      | Reached skill level 10 in Ranged Weapons
  8862 | D:9      | Killed a two-headed ogre
  9013 | D:9      | Found an ornate altar of the Wu Jian Council.
  9018 | D:9      | Reached skill level 12 in Axes
  9373 | D:9      | Found a staircase to the Orcish Mines.
  9377 | D:9      | Reached ***** piety under Trog
  9387 | D:9      | Reached XP level 11. HP: 46/99 MP: 10/10
  9613 | D:6      | Bought a potion of curing for 39 gold pieces
  9613 | D:6      | Bought a potion of curing for 39 gold pieces
  9613 | D:6      | Bought a potion of resistance for 130 gold pieces
  9972 | Orc:1    | Entered Level 1 of the Orcish Mines
 10501 | D:6      | Bought a potion of attraction for 39 gold pieces
 10501 | D:6      | Bought a potion of mutation for 104 gold pieces
 10748 | Orc:2    | Entered Level 2 of the Orcish Mines
 10748 | Orc:2    | Noticed an orc knight
 10748 | Orc:2    | Noticed an orc knight
 10748 | Orc:2    | Noticed an orc high priest
 10748 | Orc:2    | Noticed an orc warlord
 10748 | Orc:2    | Found Erhis's Antique Armour Shoppe.
 10839 | D:10     | Entered Level 10 of the Dungeon
 10839 | D:10     | Noticed Maggie
 10846 | D:10     | Killed Maggie
 10849 | D:10     | Reached skill level 1 in Evocations
 10979 | D:10     | Reached skill level 10 in Fighting
 10986 | D:10     | Reached skill level 13 in Axes
 11817 | D:10     | Found a glowing golden altar of the Shining One.
 12359 | D:10     | Noticed Joseph
 12361 | D:10     | Killed Joseph
 12431 | D:10     | Noticed a two-headed ogre
 12439 | D:10     | Killed a two-headed ogre
 13047 | D:11     | Found a staircase to the Lair.
 13064 | Lair:1   | Entered Level 1 of the Lair of Beasts
 13398 | Lair:1   | Noticed a death yak
 13398 | Lair:1   | Noticed a death yak
 13398 | Lair:1   | Noticed a death yak
 13408 | Lair:1   | Killed a death yak
 13408 | Lair:1   | Killed a death yak
 13408 | Lair:1   | Killed a death yak
 13409 | Lair:1   | Reached skill level 14 in Axes
 13409 | Lair:1   | Reached XP level 12. HP: 86/108 MP: 11/11
 14150 | Lair:2   | Noticed a six-headed hydra
 14172 | Lair:2   | Killed a six-headed hydra
 14548 | Lair:2   | Reached skill level 15 in Axes
 15155 | Lair:3   | Identified the staff of cold "Ofead" {rC+ rN+}
 15853 | Lair:3   | Found a staircase to the Snake Pit.
 15927 | Lair:3   | Reached skill level 5 in Armour
 16004 | Lair:3   | Reached skill level 5 in Evocations
 16007 | Lair:3   | Reached XP level 13. HP: 117/117 MP: 12/12
 16220 | Lair:3   | Found a staircase to the Swamp.
 18242 | Lair:4   | Found a staircase to the Slime Pits.
 18587 | Lair:4   | Noticed a dire elephant
 18601 | Lair:4   | Killed a dire elephant
 18602 | Lair:4   | Reached skill level 16 in Axes
 19232 | D:5      | Bought a ring of the Octopus King {Wiz HP+2 AC+2 EV+2 SH+2}
                  | for 664 gold pieces
 19232 | D:5      | Found the ring of the Octopus King {Wiz HP+2 AC+2 EV+2
                  | SH+2}
 20210 | Lair:5   | Entered Level 5 of the Lair of Beasts
 20747 | Lair:5   | Reached XP level 14. HP: 130/130 MP: 13/13
 20792 | Lair:5   | Received a gift from Trog
 21766 | Lair:5   | Found a large runed translucent door.
 21766 | Lair:5   | Found a large runed translucent door.
 22716 | Orc:1    | Killed an orc warlord
 22931 | Orc:2    | Reached skill level 10 in Armour
 23107 | Orc:2    | Found Runuhec's Antique Weapon Shop.
 23181 | Orc:2    | Found Xolauph's General Store.
 23241 | Orc:2    | Bought a scroll of identify for 30 gold pieces
 23303 | Orc:2    | Reached skill level 17 in Axes
 23308 | Orc:2    | Found Nackakhe's Jewellery Boutique.
 23309 | Orc:2    | Found a staircase to the Elven Halls.
 24000 | D:11     | Upgraded the game from 0.30-a0-956-gcec3b41aec to
                  | 0.30-a0-965-g42e074c17a
 24056 | D:11     | Found a burning altar of Makhleb.
 24056 | D:11     | Noticed an Executioner
 24663 | D:11     | Found Niotam's Armour Shop.
 24985 | D:12     | Noticed Fannar
 24988 | D:12     | Noticed Rupert
 25118 | D:12     | Mangled by Rupert

Illustrated notes

Levels and vault maps discovered:
D:1:      minmay_arrival_loop, layout_basic
D:2:      layout_rooms, minmay_misc_feat_square, minmay_pentomino_q2
D:3:      layout_loops_corners, ebering_ghost_disaster_area, st_stairs_2,
          lemuel_flame_loot_1
D:4:      layout_rooms, mainiacjoe_overflow_surrounded_room, st_stairs_6,
          minmay_misc_feat_five
D:5:      minmay_skewed_foursquare, layout_basic, serial_shops,
          nicolae_take_the_stairs
D:6:      layout_cave_pools, enter_ossuary_1, nicolae_wooded_promenade,
          st_stairs_11, uniq_eustachio
D:7:      layout_rooms, grunt_temple_overflow_open,
          minmay_temple_entry_drinking_statues, minivault_24, minivault_27
D:8:      layout_loops_ring
D:9:      layout_stronghold, nicolae_wu_jian_wuxing_cycle,
          kennysheep_orc_monster_closet_entryway, due_unseen_surprise
D:10:     layout_grid_maze, amcnicky_altar_gilded, special_room
          [special_room_orc], nrook_uturn, uniq_maggie, uniq_joseph
D:11:     layout_irregular_city, lair_entry_dummy, serial_shops, shop,
          kennysheep_pointless_box, makhleb_altar_promises_db
D:12:     layout_irregular_city, pond, uniq_snorg, uniq_jorgrun, uniq_rupert,
          uniq_fannar
Lair:1:   layout_big_grid, lemuel_fruit_tree, grunt_megastairs_4
Lair:2:   layout_long_grid, grunt_forest_large_clearings, serial_bayou_shore_b,
          infiniplex_staircase_pool, grunt_megastairs_2, lemuel_fruit_fields
Lair:3:   layout_cellular_growth, swamp_mist_pool,
          nicolae_snake_entry_warm_welcome, chequers_serial_rivers_large_a,
          cheibrodos_lair_reptile_den
Lair:4:   beast_lair_carwin_large_1, layout_small_grid,
          minmay_slime_entry_oklob_open
Lair:5:   cheibrodos_lair_end_hotspot, layout_gridlike
Orc:1:    layout_caves
Orc:2:    grunt_orc_gardens, layout_diamond_mine, grunt_orc_garden,
          grunt_orc_garden, grunt_orc_garden, grunt_orc_garden

Skill      XL: |  1  2  3  4  5  6  7  8  9 10 11 12 13 14 |
---------------+-------------------------------------------+-----
Fighting       | 4 5 6 7 8 9 10 11 13 14 | 14.7
Stealth        | 1 2 3 |  3.4
Axes           | 4 5 7 8 10 12 14 15 16 17 | 17.3
Ranged Weapons | 1 3 4 5 7 9 11 12 13 14 | 14.0
Shields        | 3 4 |  4.1
Evocations     | 3 5 7 8 |  8.9
Armour         | 5 9 10 | 10.6
Dodging        | |  2.1

Action                     |  1- 3 |  4- 6 |  7- 9 | 10-12 | 13-15 || total
---------------------------+-------+-------+-------+-------+-------++-------
  Melee: Hand axe          |    48 |     3 |       |       |       ||    51
         Headbutt          |     3 |     2 |    29 |    40 |    77 ||   151
         Punch             |     1 |       |     2 |       |       ||     3
         War axe           |       |    36 |   167 |   254 |   148 ||   605
         Morningstar       |       |       |       |     4 |     4 ||     8
         Broad axe         |       |       |       |       |   197 ||   197
         Trident           |       |       |       |       |     1 ||     1
   Fire: Sling             |    69 |   112 |    51 |   173 |   327 ||   732
         Arbalest          |       |       |    59 |   108 |       ||   167
  Throw: Dart              |       |     3 |    11 |     3 |     2 ||    19
         Javelin           |       |       |       |       |     4 ||     4
 Invoke: Berserk           |     2 |     2 |     5 |     6 |     8 ||    23
         Trog's Hand       |       |     5 |     1 |     8 |    26 ||    40
  Evoke: Wand              |       |       |       |     3 |       ||     3
         Box of beasts     |       |       |       |       |     1 ||     1
         Condenser vane    |       |       |       |       |     1 ||     1
    Use: Scroll            |       |     4 |     4 |    14 |     8 ||    30
         Potion            |       |       |       |       |     5 ||     5
   Stab: Invisible         |       |     1 |       |       |     2 ||     3
         Sleeping          |       |       |     1 |       |       ||     1
         Petrifying        |       |       |       |       |     1 ||     1
 Armour: Animal skin       |    21 |    22 |    39 |       |       ||    82
         Scale mail        |       |       |    27 |       |       ||    27
         Chain mail        |       |       |    37 |   118 |   109 ||   264
  Dodge: Dodged            |    44 |    44 |   116 |   136 |   183 ||   523
  Block: Buckler           |       |       |    23 |    59 |   174 ||   256
         Reflection        |       |       |       |     2 |    15 ||    17

Table legend: (Time is in decaauts)
 A = Elapsed time spent in this place.
 B = Non-inter-level travel time spent in this place.
 C = Inter-level travel time spent in this place.
 D = Time resting spent in this place.
 E = Time spent auto-exploring this place.
 F = Levels seen in this place.
 G = Mean time per level.
                   A        B        C        D        E       F      G
               +--------+--------+--------+--------+--------+-----+--------+
         Total |  25444 |  23382 |   2062 |   8270 |  10839 |  20 | 1272.2 |
       Dungeon |  14145 |  12605 |   1540 |   3656 |   6711 |  12 | 1178.8 |
          Lair |   8746 |   8259 |    487 |   3457 |   3561 |   5 | 1749.2 |
  Orcish Mines |   2079 |   2044 |     35 |   1096 |    498 |   2 | 1039.5 |
       Ossuary |    473 |    473 |      0 |     61 |     69 |   1 |  473.0 |
               +--------+--------+--------+--------+--------+-----+--------+

Top non-repeatable levels by time:
  Lair:4: 2508 daAuts
    D:10: 2378 daAuts
  Lair:3: 2257 daAuts
  Lair:5: 2033 daAuts
     D:7: 1724 daAuts
     D:5: 1602 daAuts
     D:9: 1430 daAuts
   Orc:1: 1333 daAuts
     D:3: 1253 daAuts
    D:11: 1143 daAuts
     D:8: 1086 daAuts
  Lair:2: 1065 daAuts
     D:6: 1043 daAuts
     D:1: 929 daAuts
  Lair:1: 881 daAuts
